 Dungeon Crawl Stone Soup version 0.30-a0-630-g881e3bac89 (webtiles) character file.

Game seed: 13048004655711200552

8141 Bnni the Covert (level 11, -6/58 HPs)
             Began as a Vine Stalker Brigand on Jan 12, 2023.
             Killed from afar by Fannar (9 damage)
             ... with a bolt of cold
             ... on level 10 of the Dungeon.
             The game lasted 00:18:11 (9036 turns).

Bnni the Covert (Vine Stalker Brigand)              Turns: 9036, Time: 00:18:11

Health: -6/58      AC: 13    Str: 18    XL:     11   Next: 26%
Magic:  0/13       EV:  3    Int: 17    God:
Gold:   975        SH: 11    Dex: 19    Spells: 10/10 levels left

rFire   . . .      SeeInvis .    M - +5 dagger "Imp's Death Toll" {elec, Will- rCorr Str+3}
rCold   . . .      Faith    .    q - +0 kite shield
rNeg    . . .      Spirit   +    B - +0 plate armour
rPois   .          Reflect  .    l - +0 helmet
rElec   .          Harm     .    c - +0 cloak
rCorr   +          Rampage  .    (no gloves)
Will    +....                    n - +0 pair of boots
Stlth   +                        (no amulet)
HPRegen 1.09/turn                k - ring of willpower
MPRegen 0.13/turn                F - +6 ring of intelligence

@: mighty
A: fangs 3, regeneration 1, magic shield, antimagic bite, no potion heal 2
a: no special abilities


You were on level 10 of the Dungeon.
You visited 2 branches of the dungeon, and saw 11 of its levels.
You also visited: Ossuary and Bailey.

You collected 975 gold pieces.

Inventory:

Hand Weapons
 a - a +2 dagger of venom
 M - the +5 dagger "Imp's Death Toll" (weapon) {elec, Will- rCorr Str+3}
   (You found it on level 9 of the Dungeon)

   Str:       It affects your strength (+3).
   rCorr:     It protects you from acid and corrosion.
   Will:      It decreases your willpower.
Missiles
 d - 31 poisoned darts (quivered)
Armour
 c - a +0 cloak (worn)
 l - a +0 helmet (worn)
 n - a +0 pair of boots (worn)
 q - a +0 kite shield (worn)
 B - a +0 plate armour (worn)
Jewellery
 k - a ring of willpower (left hand)
 F - a +6 ring of intelligence (right hand)
Wands
 r - a wand of mindburst (9)
 y - a wand of roots (9)
 E - a wand of polymorph (9)
Scrolls
 b - 3 scrolls of blinking
 f - a scroll of enchant armour
 h - 3 scrolls of teleportation
 j - 2 scrolls of fog
 o - a scroll of fear
 s - 2 scrolls of amnesia
 t - 2 scrolls of immolation
 x - a scroll of vulnerability
Potions
 g - 3 potions of brilliance {unknown}
 i - 2 potions of might
 p - 7 potions of curing
 u - 5 potions of haste {unknown}
 v - 8 potions of heal wounds {unknown}
 w - 2 potions of attraction {unknown}
 z - 4 potions of flight {unknown}
 A - a potion of lignification
 D - 2 potions of invisibility {unknown}
 G - 5 potions of cancellation {unknown}
 H - a potion of mutation
 J - a potion of berserk rage {unknown}


   Skills:
 + Level 7.3 Fighting
 - Level 10.0 Short Blades
 - Level 1.7 Throwing
 - Level 0.7 Dodging
 * Level 11.4 Stealth
 + Level 6.8 Shields
 + Level 1.4 Invocations


You had 10 spell levels left.
You didn't know any spells.
Your spell library contained the following spells:

 Spells                   Type           Power      Damage    Failure   Level
 Summon Small Mammal      Summ           0%         N/A       100%        1
 Sublimation of Blood     Necr           0%         N/A       100%        2
 Call Canine Familiar     Summ           0%         N/A       100%        3
 Frozen Ramparts          Ice            0%         1d1       100%        3
 Hailstorm                Conj/Ice       0%         3d3       100%        3
 Kindle Blastsparks       Fire/Tloc/Air  0%         2d10      100%        3
 Summon Guardian Golem    Hex/Summ       0%         N/A       100%        3
 Fulminant Prism          Conj/Hex       0%         3d5       100%        4
 Ice Form                 Ice/Tmut       0%         N/A       100%        4
 Iskenderun's Mystic Bla  Conj/Tloc      0%         2d3       100%        4
 Petrify                  Tmut/Erth      0%         N/A       100%        4
 Summon Ice Beast         Ice/Summ       0%         N/A       100%        4
 Alistair's Intoxication  Tmut/Pois      0%         N/A       100%        5
 Borgnjor's Vile Clutch   Necr/Erth      0%         N/A       100%        5
 Irradiate                Conj/Tmut      0%         3d11      100%        5
 Lee's Rapid Deconstruct  Erth           0%         3d4*      100%        5
 Conjure Ball Lightning   Conj/Air       0%         3x3d6     100%        6
 Eringya's Noxious Bog    Tmut/Pois      0%         N/A       100%        6
 Simulacrum               Ice/Necr       0%         N/A       100%        6
 Discord                  Hex            0%         N/A       100%        8
 Disjunction              Tloc           0%         N/A       100%        8


Dungeon Overview and Level Annotations

Branches:
Dungeon (10/15)            Temple (1/1) D:7            Lair (0/5) D:9
Ossuary (visited)          Bailey (visited)
    Orc: D:9-12

Altars:
Ashenzari
Cheibriados
Dithmenos
Elyvilon
Fedhas
Gozag
Hepliaklqana
Kikubaaqudgha
Makhleb
Nemelex Xobeh
Okawaru
Qazlal
Ru
Sif Muna
Trog
Vehumet
Wu Jian
Xom
Yredelemnul
Zin
The Shining One

Annotations:
D:10 Fannar


Innate Abilities, Weirdness & Mutations

You have razor-sharp teeth.
Your natural rate of healing is unusually fast.
When hurt, damage is shared between your health and your magic reserves.
Your bite disrupts and absorbs the magic of your enemies.
Potions cannot restore your health.


Message History

You hit Fannar. Your bite misses Fannar.
Fannar is moderately wounded.
Fannar gestures wildly while chanting.
You hit Fannar. Lightning courses through Fannar! Your bite misses Fannar.
Fannar is heavily wounded.
Fannar mumbles some strange words.
Fannar drains the heat from the surrounding environment!
You hit Fannar but do no damage. Lightning courses through Fannar!
Your bite misses Fannar.
Fannar is severely wounded.
You hit Fannar but do no damage. Your bite misses Fannar.
Fannar is severely wounded.
Fannar hits you but does no damage. Fannar freezes you!
You closely miss Fannar. Your bite misses Fannar.
Fannar is severely wounded.
The ice beast hits you but does no damage.
You barely miss Fannar.
Fannar is severely wounded.
Fannar points at you and mumbles some strange words.
The bolt of cold hits you!!
* * * LOW HITPOINT WARNING * * *
The ice beast hits you but does no damage.
Okay, then.
Okay, then.
You hit Fannar. Your bite misses Fannar.
Fannar is severely wounded.
Fannar drinks a potion.
Fannar is healed!
You hit Fannar. You bite Fannar, but do no damage.
Fannar is heavily wounded.
You block the ice beast's attack.
You feel very mighty all of a sudden. You block Fannar's attack.
The ice beast hits you.
* * * LOW HITPOINT WARNING * * *
The ice beast freezes you!
* * * LOW HITPOINT WARNING * * *
You puncture Fannar! Lightning courses through Fannar! Your bite misses Fannar.
Fannar is almost dead.
Fannar points at you and mumbles some strange words.
The bolt of cold hits you!
You die...

.!.###.. ........
......# .....#
#...## #...##
#.e.## ....
#.@Y.# ....
##...# .....
#...## .....
####...# .....#
#####.....##
##...##.....#####
#........####
#..##..### ##.#


You could see Fannar and an ice beast (summoned).

Vanquished Creatures
  Lodul (D:10)
  An orc knight (Bailey)
  A troll (D:9)
  Sigmund (D:6)
  21 yaks
  A wyvern (D:9)
  2 shadows (D:10)
  4 steam dragons
  A sky beast (D:7)
  2 ice beasts
  7 ogres
  2 kobold brigands
  A bullfrog (D:3)
  3 necrophages
  4 scorpions
  3 wights (D:8)
  3 howler monkeys
  2 jellies (D:7)
  5 hounds
  Crazy Yiuf (D:3)
  A human zombie (Ossuary)
  A gnoll bouda (D:6)
  2 orc priests
  2 iguanas (D:6)
  4 orc wizards
  4 mummies
  23 gnolls
  7 adders
  A shadow imp (D:7)
  3 white imps
  2 ufetubi
  2 adder zombies (Ossuary)
  A worm (D:2)
  2 dart slugs
  22 orcs
  6 ball pythons
  5 endoplasms
  5 giant cockroaches
  A gnoll zombie (Ossuary)
  13 goblins
  5 hobgoblins
  2 jackals (D:1)
  8 quokkas
  3 bats
  4 frilled lizards
  5 goblin zombies
  2 hobgoblin zombies (Ossuary)
  27 kobolds
  4 kobold zombies
  3 quokka zombies (Ossuary)
  4 rats (D:1)
  2 rat zombies (Ossuary)
242 creatures vanquished.

Vanquished Creatures (others)
  A centaur (D:6)
  An orc wizard (D:5)
  A fungus (D:8)
  18 plants (D:6)
21 creatures vanquished.

Grand Total: 263 creatures vanquished

Notes
Turn   | Place    | Note
-------+----------+-------------------------------------------
     0 | D:1      | Bnni the Vine Stalker Brigand began the quest for the Orb.
     0 | D:1      | Reached XP level 1. HP: 11/11 MP: 2/2
   200 | D:1      | Reached skill level 5 in Stealth
   200 | D:1      | Reached XP level 2. HP: 9/15 MP: 1/3
   735 | D:1      | Found a faded altar of an unknown god.
   824 | D:2      | Reached XP level 3. HP: 17/18 MP: 2/4
  1054 | D:2      | Gained mutation: Your natural rate of healing is unusually
                  | fast. [Vine Stalker growth]
  1054 | D:2      | Reached XP level 4. HP: 11/23 MP: 1/5
  1431 | D:3      | Found a glowing golden altar of the Shining One.
  1570 | D:3      | You fall into a shaft and drop 3 floors!
  1572 | D:6      | Noticed a steam dragon
  1575 | D:6      | Noticed a centaur
  1578 | D:6      | Noticed a necrophage
  1578 | D:5      | Entered Level 5 of the Dungeon
  1584 | D:5      | Noticed a scorpion
  1584 | D:5      | Noticed a scorpion
  1593 | D:5      | Killed a scorpion
  1594 | D:5      | Reached XP level 5. HP: 19/27 MP: 3/6
  1600 | D:5      | Reached skill level 1 in Shields
  1607 | D:5      | Reached skill level 6 in Stealth
  1607 | D:5      | Reached XP level 6. HP: 30/32 MP: 7/7
  1633 | D:5      | Noticed an ice beast
  1666 | D:5      | Killed an ice beast
  1692 | D:5      | Found a sand-covered staircase.
  1715 | Ossuary  | Entered an ossuary
  2132 | D:3      | Reached XP level 7. HP: 36/36 MP: 8/8
  2227 | D:3      | Found a shadowy altar of Dithmenos.
  2292 | D:3      | Found a burning altar of Makhleb.
  2323 | D:3      | Found a broken altar of Ashenzari.
  2678 | D:3      | Found a runed translucent door.
  2679 | D:3      | Noticed Crazy Yiuf
  2692 | D:3      | Killed Crazy Yiuf
  3223 | D:4      | Reached skill level 5 in Short Blades
  3619 | D:5      | Reached skill level 7 in Stealth
  3637 | D:5      | Gained mutation: You have razor-sharp teeth. [Vine Stalker
                  | growth]
  3637 | D:5      | Reached XP level 8. HP: 37/42 MP: 7/9
  3735 | D:5      | Found a hazy altar of Hepliaklqana.
  4263 | D:6      | Found a sparkling altar of Nemelex Xobeh.
  4379 | D:6      | Noticed Sigmund
  4406 | D:6      | Killed Sigmund
  4407 | D:6      | Reached skill level 8 in Stealth
  4440 | D:6      | Found a stormy altar of Qazlal.
  4473 | D:6      | Reached XP level 9. HP: 11/46 MP: 5/10
  4565 | D:6      | Reached skill level 5 in Fighting
  5026 | D:7      | Found a staircase to the Ecumenical Temple.
  5033 | Temple   | Entered the Ecumenical Temple
  6060 | D:8      | Reached skill level 9 in Stealth
  6168 | D:8      | Found a blossoming altar of Fedhas.
  6292 | D:8      | Found a flagged portal.
  6300 | Bailey   | Entered a bailey
  6510 | Bailey   | Noticed an orc knight
  6528 | Bailey   | Killed an orc knight
  6529 | Bailey   | Reached skill level 5 in Shields
  6529 | Bailey   | Reached XP level 10. HP: 8/53 MP: 3/11
  6993 | D:8      | Found a sacrificial altar of Ru.
  7150 | D:8      | Found a shimmering altar of Xom.
  7303 | D:8      | Found an ornate altar of the Wu Jian Council.
  7642 | D:9      | Identified the +5 dagger "Imp's Death Toll" {elec, Will-
                  | rCorr Str+3}
  7659 | D:9      | Reached skill level 10 in Stealth
  7890 | D:9      | Found a staircase to the Lair.
  8423 | D:10     | Entered Level 10 of the Dungeon
  8558 | D:10     | Reached XP level 11. HP: 51/58 MP: 10/12
  8582 | D:10     | Reached skill level 10 in Short Blades
  8664 | D:10     | Reached skill level 11 in Stealth
  8676 | D:10     | Noticed Lodul
  8948 | D:10     | Killed Lodul
  8949 | D:10     | Reached skill level 1 in Invocations
  9018 | D:10     | Noticed Fannar
  9035 | D:10     | HP: 2/58 [ice beast[Fannar] (6)]
  9036 | D:10     | Killed from afar by Fannar

Illustrated notes

Levels and vault maps discovered:
D:1:      amcnicky_arrival_single_pillar, layout_basic, basic_ecumenical_altar,
          nicolae_concentric_dashed_squares_wild
D:2:      layout_rooms, minmay_increasing_density
D:3:      layout_loops_ring, lemuel_crystal_altar,
          grunt_dithmenos_smoke_and_mirrors, mainiacjoe_overflow_two_lobes,
          chequers_serial_rivers_micro_d, uniq_crazy_yiuf_cottage
D:4:      layout_gridville
D:5:      layout_loops_ring, mainiacjoe_overflow_surrounded_room,
          nicolae_ossuary_entry_giza
D:6:      layout_cave_pools, mainiacjoe_overflow_cross_hatched,
          nemelex_spade_bored_becter, glass_columns_c, dreamdust_wishing_well,
          uniq_sigmund
D:7:      layout_loops_corners, minmay_temple_entry_arrows
D:8:      layout_gridville, nicolae_ru_the_path_less_chosen,
          nicolae_overflow_crystal_walls, mainiacjoe_overflow_alcove_4,
          mainiacjoe_overflow_concentric_impassable, enter_bailey_3
D:9:      layout_stronghold, dpeg_oklobed_lair
D:10:     layout_layer_cave, dancing_weapons_uskayaw, uniq_lodul, uniq_fannar
Temple:   nicolae_temple_bog_church

Skill      XL: |  1  2  3  4  5  6  7  8  9 10 11 |
---------------+----------------------------------+-----
Short Blades   | 2 3 4 5 6 8 9 10 | 10.0
Fighting       | 2 3 4 5 7 |  7.3
Stealth        | 5 6 7 8 9 10 11 | 11.4
Shields        | 1 2 4 5 6 |  6.8
Invocations    | 1 |  1.4
Throwing       | |  1.7
Dodging        | |  0.7

Action                   |  1- 3 |  4- 6 |  7- 9 | 10-12 || total
-------------------------+-------+-------+-------+-------++-------
Melee: Dagger            |    89 |   230 |   448 |   249 ||  1016
       Bite              |    27 |    72 |   171 |   112 ||   382
       Short sword       |       |       |    33 |       ||    33
Throw: Dart              |       |       |     7 |     4 ||    11
       Throwing net      |       |       |       |     4 ||     4
Evoke: Wand              |       |       |       |     1 ||     1
  Use: Potion            |       |     2 |       |     2 ||     4
       Scroll            |       |       |     9 |     5 ||    14
 Stab: Sleeping          |     4 |       |       |       ||     4
       Held in net/web   |       |       |       |     3 ||     3
Armor: Robe              |    13 |       |       |       ||    13
       Chain mail        |    39 |   127 |    13 |       ||   179
       Plate armour      |       |       |   255 |    54 ||   309
Dodge: Dodged            |    28 |    50 |    35 |    14 ||   127
Block: Kite shield       |       |    85 |   218 |    79 ||   382

Table legend: (Time is in decaauts)
 A = Elapsed time spent in this place.
 B = Non-inter-level travel time spent in this place.
 C = Inter-level travel time spent in this place.
 D = Time resting spent in this place.
 E = Time spent auto-exploring this place.
 F = Levels seen in this place.
 G = Mean time per level.
                   A        B        C        D        E       F      G
               +--------+--------+--------+--------+--------+-----+--------+
         Total |   8872 |   8466 |    406 |    290 |   5973 |  13 |  682.5 |
       Dungeon |   8034 |   7649 |    385 |    248 |   5595 |  10 |  803.4 |
        Temple |    201 |    180 |     21 |      0 |    170 |   1 |  201.0 |
       Ossuary |    285 |    285 |      0 |     16 |    119 |   1 |  285.0 |
        Bailey |    351 |    351 |      0 |     26 |     89 |   1 |  351.0 |
               +--------+--------+--------+--------+--------+-----+--------+

Top non-repeatable levels by time:
     D:8: 1107 daAuts
     D:9: 1091 daAuts
     D:7: 976 daAuts
     D:5: 879 daAuts
     D:3: 816 daAuts
     D:1: 813 daAuts
     D:4: 715 daAuts
     D:6: 705 daAuts
     D:2: 574 daAuts
    D:10: 353 daAuts
  Bailey: 351 daAuts
 Ossuary: 285 daAuts
  Temple: 201 daAuts
